 Dungeon Crawl Stone Soup version bcrawl-1.12-10-g10a67aac0f (webtiles) character file.

Game seed: 18282833953904732655

6 MisterOstroum the Sneak (level 1, 0/13 HPs)
             Began as a Vampire Rogue on June 12, 2019.
             Slain by a kobold
             ... wielding a cursed +0 short sword
              (3 damage)
             ... on level 1 of the Dungeon.
             The game lasted 00:00:36 (53 turns).

MisterOstroum the Sneak (Vampire Rogue)               Turns: 53, Time: 00:00:36

Health: 0/13       AC:  3    Str: 14    XL:     1   Next: 75%
Magic:  2/2        EV: 11    Int: 11    God:
Gold:   0          SH:  0    Dex: 14    Spells: 0/0 levels left

rFire    . . .     SeeInvis +   a - +2 dagger
rCold    . . .     Gourm    .   (no shield)
rNeg     + . .     Faith    .   c - +0 robe
rPois    .         Spirit   .   (no helmet)
rElec    .         Reflect  .   d - +0 cloak
rCorr    .         Harm     .   (no gloves)
MR       .....                  (no boots)
Stlth    ++++......             (no amulet)
HPRegen  0.04/turn              (no ring)
MPRegen  0.08/turn              (no ring)

@: no status effects
A: claws 1, fangs 3, see invisible, unbreathing
a: no special abilities


You were on level 1 of the Dungeon.
You were not thirsty.

You visited 1 branch of the dungeon, and saw 1 of its levels.

Inventory:

Hand Weapons
 a - a +2 dagger (weapon)
 b - a +0 blowgun
Missiles
 e - 80 poisoned needles
Armour
 c - a +0 robe (worn)
 d - a +0 cloak (worn)
Wands
 f - a wand of flame (15)
 g - a wand of enslavement (15)
Scrolls
 i - a scroll of remove curse {unknown}
Potions
 h - a potion of blood


   Skills:
 + Level 2.6 Short Blades
 - Level 1.5 Throwing
 + Level 6.6 Stealth
 + Level 2.2 Evocations


You couldn't memorise any spells.
You didn't know any spells.
Your spell library was empty.

Dungeon Overview and Level Annotations

Branches:
Dungeon (1/12)

Altars:


Innate Abilities, Weirdness & Mutations

You have sharp fingernails.
You have razor-sharp teeth.
You have supernaturally acute eyesight. (SInv)
You can survive without breathing.


Message History

Welcome, MisterOstroum the Vampire Rogue.
It is said that the Orb of Zot exists deep within this dungeon.
Press ? for a list of commands and other information.
Found a scroll labeled CIUNOT UCHU, 19 gold pieces and a ration.
Found two stairs.
i - a scroll labeled CIUNOT UCHU A rat and a goblin come into view.
There are monsters nearby!
There are monsters nearby!
Found 86 arrows.
A jackal comes into view.
You barely miss the rat. Your bite misses the rat. The rat bites you.
You closely miss the rat. You hit the rat.
You kill the rat!
The goblin barely misses you.
You hit the goblin.
You kill the goblin!
No target in view!
No target in view!
A rat comes into view.
You see here a ration {!d}.
A jackal comes into view.
Found 7 gold pieces and a scroll labeled WOPNUPER NOSCH.
The jackal barks! x2; You hear a shout!
A kobold comes into view. It is wielding a +0 short sword.
The jackal closely misses you.
A jackal comes into view.
You hear an angry hiss.
You miss the jackal. Your bite misses the jackal.
The jackal bites you but does no damage.
The jackal bites you.
The kobold throws a stone.
The stone closely misses you.
You hit the jackal.
The jackal is heavily wounded.
The jackal barely misses you. The jackal bites you.
The kobold throws a stone.
The stone closely misses you. The jackal bites you.
The jackal barely misses you.
You are too injured to fight recklessly!
The rat bites you but does no damage.
The jackal bites you but does no damage.
A leopard gecko comes into view.
The jackal completely misses you.
You are too injured to fight recklessly!
You closely miss the jackal. The jackal bites you.
You hit the jackal.
The jackal is moderately wounded.
The jackal bites you.
You hit the jackal.
You kill the jackal!
The jackal closely misses you.
You hit the jackal but do no damage.
The jackal bites you but does no damage.
You closely miss the jackal.
The jackal bites you but does no damage.
You hit the jackal. Your bite misses the jackal.
The jackal is lightly wounded.
The jackal bites you but does no damage.
You barely miss the jackal. You bite the jackal.
The jackal is moderately wounded.
The jackal barely misses you.
You hit the jackal but do no damage.
The jackal is moderately wounded.
The jackal bites you but does no damage.
The jackal closely misses you.
You hit the jackal.
The jackal is almost dead.
The jackal misses you.
You hit the jackal.
You kill the jackal!
The jackal closely misses you.
You hit the jackal.
The jackal is almost dead.
The jackal barely misses you.
You closely miss the jackal.
The jackal is almost dead.
The jackal bites you but does no damage.
You hit the jackal.
You kill the jackal!
The kobold throws a stone.
The stone closely misses you.
You hit the rat.
The rat is severely wounded.
The rat bites you but does no damage.
You hit the rat.
You kill the rat!
The kobold throws a stone.
The stone hits you. The kobold hits you but does no damage.
Things that are here:
a rat corpse; a jackal corpse You hit the kobold but do no damage.
Your bite misses the kobold. You barely miss the kobold. You bite the kobold.
The kobold is heavily wounded.
The kobold closely misses you.
You barely miss the kobold.
The kobold is heavily wounded.
The kobold hits you with a cursed +0 short sword.
* * * LOW HITPOINT WARNING * * *
You hit the kobold.
The kobold is severely wounded.
The kobold hits you with a cursed +0 short sword.
You die...

.....#.K(..#
...........##
....#..##...####
........%......#
#...........#..#
##..#....$..# .#
#.§.§......# ##
##.§........###..#
.####§§≈§§≈....K@....#
......§≈§≈≈≈....######
......≈≈<>≈≈..###
......≈.≈§§§..#
..##...≈≈§§§..#
##...§.§§..#
.....§.......##
##############


You could see a kobold.

Vanquished Creatures
  3 jackals (D:1)
  A goblin (D:1)
  2 rats (D:1)
6 creatures vanquished.

Notes
Turn   | Place    | Note
-------+----------+-------------------------------------------
     0 | D:1      | MisterOstroum the Vampire Rogue began the quest for the
                  | Orb.
     0 | D:1      | Reached XP level 1. HP: 13/13 MP: 2/2
    53 | D:1      | Slain by a kobold

Action                   || total
-------------------------++-------
Melee: Dagger            ||    25
       Bite              ||     2
Armor: Robe              ||    10
Dodge: Dodged            ||    15
